 Dungeon Crawl Stone Soup version 0.21-a0-88-g13b9641 (webtiles) character file.

501 Lavandula the Bolt Thrower (level 6, 0/43 HPs)
             Began as a Mummy Arcane Marksman on June 27, 2017.
             Slain by Pikel
             ... wielding a +2 whip of electrocution
              (15 damage)
             ... on level 4 of the Dungeon.
             The game lasted 00:25:56 (4514 turns).

Lavandula the Bolt Thrower (Mummy Arcane Marksman)  Turns: 4514, Time: 00:25:56

Health: 0/43       AC:  7    Str: 14    XL:     6   Next: 95%
Magic:  3/8        EV: 12    Int: 13    God:
Gold:   247        SH:  0    Dex: 13    Spells: 4/7 levels left

rFire    x . .     SeeInvis .   a - +1 hand crossbow
rCold    + + .     Gourm    .   (no shield)
rNeg     + + +     Faith    .   s - +2 robe {rC+}
rPois    ∞         Spirit   .   j - +1 helmet
rElec    .         Reflect  .   b - +0 cloak
rCorr    .         Harm     .   (no gloves)
MR       .....                  (no boots)
Stlth    +.........             (no amulet)
HPRegen  0.14/turn              (no ring)
MPRegen  0.11/turn              (no ring)

@: no status effects
A: no food or potions, fire vulnerability, cold resistance 1, negative energy
resistance 3, torment resistance, unbreathing
a: no special abilities


You were on level 4 of the Dungeon.
You were not hungry.

You visited 1 branch of the dungeon, and saw 5 of its levels.
You also visited: Ossuary.

You collected 247 gold pieces.

Inventory:

Hand Weapons
 a - a +1 hand crossbow (weapon)
 i - a +0 hand axe
 o - a +0 mace
Missiles
 d - 17 bolts (quivered)
 f - 4 tomahawks
Armour
 b - a +0 cloak (worn)
 e - a +0 robe
 h - a +0 hat
 j - a +1 helmet (worn)
 k - a +0 leather armour
 s - a +2 robe of cold resistance (worn)
Magical Staves
 q - an uncursed staff of summoning
Scrolls
 l - a scroll of remove curse
 m - 4 scrolls of amnesia
 n - 3 scrolls of immolation
Books
 c - a book of Debilitation

   Spells                             Type                      Level
   a - Corona                         Hexes                        1
   b - Slow                           Hexes                        2
   c - Inner Flame                    Hexes/Fire                   3
   d - Portal Projectile              Hexes/Translocation          3
   e - Cause Fear                     Hexes                        4
   f - Leda's Liquefaction            Hexes/Earth                  4


   Skills:
 - Level 1.0 Fighting
 - Level 3.3 Maces & Flails
 + Level 5.1 Crossbows
 - Level 1.7 Dodging
 - Level 1.3 Spellcasting
 - Level 2.6 Hexes


You had 4 spell levels left.
You knew the following spells:

 Your Spells              Type           Power        Failure   Level  Hunger
a - Corona                Hex            #......      9%          1    N/A
b - Slow                  Hex            #.......     14%         2    N/A

Dungeon Overview and Level Annotations

Branches:
Dungeon (5/15)
 Temple: D:4-7

Altars:
The Shining One

Annotations:
D:4 Pikel; kuzmorgo's ghost, amateur SpEn
D:5 Dowan; Duvessa; Eustachio; Grinder


Innate Abilities, Weirdness & Mutations

You do not eat or drink.
Your flesh is vulnerable to fire.
You are immune to poison.
Your flesh is cold resistant. (rC+)
You are immune to negative energy. (rN+++)
You are immune to unholy pain and torment.
You can survive without breathing.


Message History

Aim: Pikel, wielding a whip of electrocution and wearing a robe (severely wounded)
You shoot a bolt. The bolt hits Pikel.
Pikel is almost dead.
Pikel says, "You'll feel the lick of my whip!"
Pikel hits you with a whip of electrocution.
Firing (i - inventory. (,) - cycle):
d - 19 bolts (quivered)
Press: ? - help, Shift-Dir - straight line, f/p - Pikel
Aim: Pikel, wielding a whip of electrocution and wearing a robe (almost dead)
You shoot a bolt. The bolt hits Pikel.
Pikel is almost dead.
Pikel hits you but does no damage.
Firing (i - inventory. (,) - cycle):
d - 18 bolts (quivered)
Press: ? - help, Shift-Dir - straight line, f/p - Pikel
Aim: Pikel, wielding a whip of electrocution and wearing a robe (almost dead)
You shoot a bolt. The bolt completely misses Pikel.
Pikel hits you with a whip of electrocution.
You are electrocuted!
Pikel hits you with a whip of electrocution!
You are electrocuted!
You die...

######## ##### .......#
#...# .......# #.#.#
.....[.# #.#.# .......#
#.#.#
.......###########.#.#
.(((.(...(....(K@.>..#
.......#.########.#######
########.########.......#
#...........#.###.#
#.....#####.#..#
#............#....#
#.....######.######
#.....# ####.# #.....#
#.##.#


You could see Pikel.

Vanquished Creatures
  4 slaves
  A phantom (D:3)
  A howler monkey (D:4)
  A crimson imp (D:4)
  A bullfrog skeleton (D:4)
  An orc priest (D:4)
  6 orc wizards
  A worker ant (D:4)
  2 adders
  A worm (D:2)
  2 dart slugs (D:1)
  3 leopard geckos
  10 orcs
  6 bats
  2 giant cockroaches
  10 goblins
  9 hobgoblins
  3 jackals
  5 kobolds
  A ball python (D:5)
  7 frilled lizards
  A jackal skeleton (D:4)
  9 rats
87 creatures vanquished.

Notes
Turn   | Place    | Note
-------+----------+-------------------------------------------
     0 | D:1      | Lavandula the Mummy Arcane Marksman began the quest for the Orb.
     0 | D:1      | Reached XP level 1. HP: 15/15 MP: 2/2
    50 | D:1      | Reached skill level 2 in Crossbows
    81 | D:1      | Reached XP level 2. HP: 17/21 MP: 4/4
   418 | D:1      | Reached XP level 3. HP: 21/26 MP: 5/5
   523 | D:1      | Reached skill level 3 in Crossbows
   693 | D:2      | Learned a level 2 spell: Slow
   940 | D:2      | Found a glowing golden altar of the Shining One.
  1094 | D:3      | Reached XP level 4. HP: 17/32 MP: 6/6
  1766 | D:2      | Reached skill level 4 in Crossbows
  2152 | D:3      | Reached XP level 5. HP: 20/37 MP: 5/7
  2580 | D:4      | Noticed a slave
  2580 | D:4      | Noticed a slave
  2580 | D:4      | Noticed a slave
  2581 | D:4      | Noticed Pikel
  2639 | D:4      | Noticed a phantom
  2745 | D:4      | Found a sand-covered staircase.
  2767 | Ossuary  | Entered an ossuary
  2771 | Ossuary  | Noticed casual's ghost (amateur DsFE)
  2930 | D:4      | Reached skill level 1 in Maces & Flails
  2931 | D:4      | Noticed kuzmorgo's ghost (amateur SpEn)
  2954 | D:4      | Reached XP level 6. HP: 15/43 MP: 4/8
  3139 | D:4      | Noticed a slave
  3186 | D:3      | Killed a slave
  3545 | D:5      | Entered Level 5 of the Dungeon
  3780 | D:5      | Noticed Dowan
  3780 | D:5      | Noticed Grinder
  3780 | D:5      | Noticed Duvessa
  4036 | D:5      | Noticed Eustachio
  4115 | D:4      | Killed a slave
  4184 | D:4      | Reached skill level 5 in Crossbows
  4267 | D:4      | Killed a slave
  4295 | D:4      | Killed a slave
  4514 | D:4      | Slain by Pikel

Vault maps used:
D:1:      lightli_arrival_statue_moat
D:2:      wad_pebble_path, first_bread, kennysheep_pointless_box, tso_metal_star
D:4:      enter_ossuary_1, uniq_pikel
D:5:      uniq_eustachio, uniq_duvessa, uniq_grinder
Ossuary:  ossuary_tomb_1

Skill      XL: |  1  2  3  4  5  6 |
---------------+-------------------+-----
Crossbows      | 2 3 4 5 |  5.1
Maces & Flails | 1 3 |  3.3
Fighting       | |  1.0
Dodging        | |  1.7
Spellcasting   | |  1.3
Hexes          | |  2.6

Action                   |  1- 3 |  4- 6 || total
-------------------------+-------+-------++-------
Melee: Unarmed           |    27 |       ||    27
       Hand axe          |    26 |    29 ||    55
       Short sword       |    15 |    38 ||    53
       Dagger            |       |    11 ||    11
       Mace              |       |    41 ||    41
 Fire: Hand crossbow     |    94 |   113 ||   207
 Cast: Corona            |    19 |     5 ||    24
       Slow              |       |    13 ||    13
  Use: Scroll            |     3 |     9 ||    12
Armor: Robe              |    17 |    27 ||    44
       Chain mail        |    32 |    27 ||    59
       Leather armour    |    19 |    15 ||    34
Dodge: Dodged            |   106 |   103 ||   209
